 Dungeon Crawl Stone Soup version 0.30.0-5-g1a98f26d00 (webtiles) character file.

Game seed: 17903387928223726101

406 hogiebunz the Shooter (level 7, -4/42 HPs)
             Began as a Kobold Hunter on May 10, 2023.
             Was a Believer of the Shining One.
             Killed by divine providence
             ... invoked by an orc priest
              (14 damage)
             ... on level 5 of the Dungeon.
             The game lasted 00:05:06 (3925 turns).

hogiebunz the Shooter (Kobold Hunter)               Turns: 3925, Time: 00:05:08

Health: -4/42      AC:  4    Str:  9    XL:     7   Next: 12%
Magic:  7/7        EV: 17    Int: 10    God:    the Shining One [**....]
Gold:   208        SH:  0    Dex: 20    Spells: 6/6 levels left

rFire   + . .        a - +0 shortbow
rCold   + . .        (shield currently unavailable)
rNeg    + . .        q - +2 robe {rC+ rF+}
rPois   .            (no helmet)
rElec   .            (no cloak)
rCorr   .            (no gloves)
SInv    .            (no boots)
Will    .....        e - amulet of faith
Stlth   ++           (no ring)
HPRegen 0.27/turn    (no ring)
MPRegen 0.10/turn

%: faith
@: glowing
A: small, no large weapons, nightstalker 3
a: Renounce Religion, Divine Shield


You were on level 5 of the Dungeon.
You worshipped the Shining One.
The Shining One was pleased with you.
You visited 1 branch of the dungeon, and saw 5 of its levels.

You collected 208 gold pieces.

Inventory:

Hand Weapons
 a - a +0 shortbow (weapon)
Missiles
 g - a throwing net
Armour
 c - a +0 leather armour
 q - a +2 robe of resistance (worn)
Magical Staves
 o - a staff of earth
Jewellery
 e - an amulet of faith (around neck)
 h - a ring of protection from cold
 s - a ring of resist corrosion
Scrolls
 b - a scroll of immolation
 k - a scroll of blinking
 n - a scroll of enchant armour
 p - a scroll of fog
Potions
 d - 3 potions of curing
 f - a potion of brilliance {unknown}
 i - 3 potions of heal wounds {unknown}
 j - a potion of degeneration {unknown}
 l - a potion of lignification {unknown}
 m - a potion of attraction {unknown}


   Skills:
 + Level 3.9 Fighting
 * Level 7.8 Ranged Weapons
 + Level 4.3 Dodging
 + Level 4.5 Stealth


You had 6 spell levels left.
You didn't know any spells.
Your spell library was empty.

Dungeon Overview and Level Annotations

Branches:
Dungeon (5/15)
 Temple: D:4-7

Altars:
Cheibriados
Gozag
Kikubaaqudgha
Vehumet
The Shining One


Innate Abilities, Weirdness & Mutations

You are small and have problems with some larger weapons.
You are completely attuned to the shadows.


Message History

The orc wizard gestures at you while chanting.
You resist with some effort.
You clumsily bash the orc wizard but do no damage.
The orc wizard is heavily wounded.
The orc wizard casts a spell at you. The puff of flame hits you. You resist.
* * * LOW HITPOINT WARNING * * *
The orc wizard hits you but does no damage.
You clumsily bash the orc wizard but do no damage.
The orc wizard is heavily wounded.
The orc wizard misses you.
You closely miss the orc wizard.
The orc wizard is heavily wounded.
The orc wizard closely misses you.
The orc wizard hits you but does no damage.
You're too confused to move!
You feel less confused. The orc wizard casts a spell at you.
You resist with some effort.
You shoot an arrow.
The arrow hits the orc wizard but does no damage.
The orc wizard is heavily wounded.
The orc wizard points at you and mumbles some strange words.
You resist with some effort.
You shoot an arrow. The arrow barely misses the orc wizard.
The orc priest calls upon Beogh to heal the orc wizard.
The orc wizard is healed somewhat.
The orc wizard closely misses you.
You shoot an arrow.
The arrow hits the orc wizard but does no damage.
The orc wizard is lightly wounded.
The orc misses you. The orc wizard misses you.
The orc priest mumbles some strange prayers to Beogh against you.
You struggle to resist.
You shoot an arrow. The arrow hits the orc wizard.
The orc wizard is moderately wounded.
The orc hits you but does no damage.
The orc wizard hits you but does no damage.
The orc priest mumbles some strange prayers to Beogh against you.
Beogh smites you!
You die...

#. ###.##
.o...# #.#
#).# #.#
#..# #)#
#..#
#####.###..#
....oo.....#
....@o###.##
..##### #.#
#.#
.########.#
....<.....#
.##########


You could see an orc priest, an orc wizard (invisible) and an orc.

Vanquished Creatures
  An ogre (D:4)
  A phantom (D:4)
  A scorpion (D:4)
  A hound (D:3)
  An orc priest (D:5)
  An iguana (D:4)
  An adder (D:4)
  3 worms
  4 dart slugs
  9 orcs
  6 ball pythons
  4 bats
  3 endoplasms
  4 giant cockroaches
  3 jackals (D:1)
  7 kobolds
  2 quokkas
  A frilled lizard (D:1)
  6 goblins
  7 rats
66 creatures vanquished.

Notes
Turn   | Place    | Note
-------+----------+-------------------------------------------
     0 | D:1      | hogiebunz the Kobold Hunter began the quest for the Orb.
     0 | D:1      | Reached XP level 1. HP: 12/12 MP: 1/1
    89 | D:1      | Reached XP level 2. HP: 9/18 MP: 2/2
   696 | D:1      | Reached XP level 3. HP: 22/22 MP: 3/3
  1511 | D:2      | Found a faded altar of an unknown god.
  1516 | D:2      | Prayed at the altar of an unknown god.
  1516 | D:2      | Became a worshipper of the Shining One
  1516 | D:2      | Reached * piety under the Shining One
  1762 | D:3      | Reached skill level 6 in Ranged Weapons
  1762 | D:3      | Reached XP level 4. HP: 24/27 MP: 4/4
  1808 | D:3      | Found a radiant altar of Vehumet.
  2098 | D:3      | Found a snail-covered altar of Cheibriados.
  2970 | D:4      | Noticed a phantom
  2981 | D:4      | Killed a phantom
  2982 | D:4      | Reached XP level 5. HP: 23/32 MP: 5/5
  3232 | D:4      | Reached skill level 7 in Ranged Weapons
  3232 | D:4      | Reached XP level 6. HP: 36/37 MP: 6/6
  3480 | D:4      | Found an opulent altar of Gozag.
  3499 | D:4      | Found an ancient bone altar of Kikubaaqudgha.
  3686 | D:4      | Reached ** piety under the Shining One
  3702 | D:4      | Noticed an ogre
  3711 | D:4      | Killed an ogre
  3712 | D:4      | Reached XP level 7. HP: 32/42 MP: 7/7
  3870 | D:5      | Entered Level 5 of the Dungeon
  3925 | D:5      | Killed from afar by an orc priest

Illustrated notes

Levels and vault maps discovered:
D:1:      lightli_arrival_statue_moat, layout_loops_corners
D:2:      layout_rooms, dreamdust_ecumenical_altar_angels_and_demons
D:3:      layout_loops_cross, overflow_temple_1_default,
          nicolae_vehumet_radiance
D:4:      layout_basic, mainiacjoe_overflow_divided_tiny, serial_glass,
          glass_columns_a, glass_columns_b
D:5:      layout_loops_ring, enter_ossuary_3, chequers_serial_rivers_micro_d,
          minmay_pentangle

Skill      XL: |  1  2  3  4  5  6 |
---------------+-------------------+-----
Stealth        | 2 3 4 |  4.5
Ranged Weapons | 6 7 |  7.8
Dodging        | 3 4 |  4.3
Fighting       | 3 |  3.9

Action                     |  1- 3 |  4- 6 |  7- 9 || total
---------------------------+-------+-------+-------++-------
  Melee: Shortbow          |       |       |     6 ||     6
   Fire: Shortbow          |    63 |    99 |    25 ||   187
    Use: Scroll            |       |     7 |       ||     7
 Armour: Leather armour    |     9 |     2 |       ||    11
         Robe              |       |     3 |     7 ||    10
  Dodge: Dodged            |    20 |    27 |    14 ||    61
